 Dungeon Sprint DCSS version 0.16-a0-3807-g3748f16 (webtiles) character file.

7600000 PolkaDot the Intangible (level 25, -8/163 HPs)
             Began as a Spriggan Monk on Jan 27, 2015.
             Was the Champion of Makhleb.
             Mangled by a bag of meat
             ... wielding a +9 war axe
              (33 damage)
             ... in the Dungeon (Sprint VIII: "Arena of Blood").
             The game lasted 00:02:56 (76 turns).

PolkaDot the Intangible (Spriggan Monk)               Turns: 76, Time: 00:02:56

Health: -8/163     AC:  4    Str:  7    XL:     25   Next: 26%
Magic:  38/50      EV: 46    Int: 14    God:    Makhleb [******]
Gold:   0          SH:  0    Dex: 28    Spells: 0 memorised, 78 levels left

rFire  . . .     SeeInvis +     i - +∞ Axe of Woe
rCold  . . .     Clarity  .     a - +0 robe
rNeg   . . .     SustAb   .     (shield restricted)
rPois  .         Gourm    .     (helmet restricted)
rElec  .         Spirit   .     (no cloak)
rCorr  .         Warding  .     (gloves unavailable)
rMut   .         NoTele   +     (boots unavailable)
MR     ++++.                    (no amulet)
Stlth  ++++++++++               (no ring)
                                (no ring)

@: slowed, quick, incredibly resistant to hostile enchantments, uncannily
stealthy
A: unfitting armour, see invisible, herbivore 3, speed 3, slow metabolism 2
a: Minor Destruction, Lesser Servant of Makhleb, Major Destruction, Greater
Servant of Makhleb, Renounce Religion


You were in the Dungeon.
You worshipped Makhleb.
Makhleb was exalted by your worship.
You were not hungry.

You visited 1 branch

Inventory:

Hand weapons
 i - the +∞ Axe of Woe (weapon)
   (You found it in the Dungeon)
Armour
 a - a +0 robe (worn)
Scrolls
 h - a scroll of blinking
Potions
 c - a potion of curing
 d - a potion of heal wounds
 e - a potion of haste
 f - 2 potions of magic
 g - a potion of berserk rage
Comestibles
 b - a bread ration


   Skills:
 O Level 27 Fighting
 O Level 27 Axes
 O Level 27 Throwing
 O Level 27 Armour
 O Level 27 Dodging
 O Level 27 Stealth
 O Level 27 Unarmed Combat
 O Level 27 Spellcasting
 O Level 27 Invocations


You had 78 spell levels left.
You didn't know any spells.

Dungeon Overview and Level Annotations

Branches:
Dungeon (1/1)

Altars:
Makhleb


Innate Abilities, Weirdness & Mutations

You are tiny and cannot use many weapons and most armour.
You have supernaturally acute eyesight.
You are a herbivore.
You cover ground extremely quickly.
You need consume almost no food.


Message History

You hear a shout! x2
The dread calls on the powers of darkness!
The large bag of meat convulses!
Your body is wracked with pain!
* * * LOW HITPOINT WARNING * * *
You hear a shout! x2
The large bag of meat is engulfed in roaring flames.
You hear a shout! x2
An accursed comes into view. notify_dgn_event: Lua error: [string "global_prelude"]:235: attempt to concatenate global 'lost_soul' (a nil value)
You hear a shout! x4
The dread calls on the powers of darkness!
The large bag of meat convulses!
The bag of meat convulses!
Your body is wracked with pain!
* * * LOW HITPOINT WARNING * * *
The accursed casts a spell at you. Something smites you!
* * * LOW HITPOINT WARNING * * *
You hear a shout!
The bag of meat hits you with a +9 war axe!!
You die...

### #...... ...%%. ..
.....##.##.# # ..
....%.........
...####....M##.##....
#...%..........%....
#o.......%.#.#......
#...@§§§§§.........#
#...#oo%§C§§))W........
..Mo.#..§§)§§)))).......
.........)).))).).......
..........§))..)........
........#.....).#......
.#.....#.%.....# ....
....###.....).###....
........###.........


You could see 2 accurseds, a large bag of meat (inner flame), a dread and 4 bags
of meat.

Vanquished Creatures
  3 greater mummies (D)
  A hell beast (D)
  7 hill giants (D)
  A hydra (D)
  2 liches (D)
  17 ogres (D)
  43 orcs (D)
  4 skeletal warriors (D)
  7 vampire knights (D)
  4 small abominations (D)
  5 large abominations (D)
  12 crawling corpses (D)
106 creatures vanquished.

Vanquished Creatures (others)
  5 crawling corpses (D)
5 creatures vanquished.

Grand Total: 111 creatures vanquished

Notes
Turn   | Place    | Note
--------------------------------------------------------------
     0 | D        | PolkaDot, the Spriggan Monk, began the quest for the Orb.
     0 | D        | Reached XP level 1. HP: 11/11 MP: 2/2
     4 | D        | Became a worshipper of Makhleb the Destroyer
     4 | D        | Acquired Makhleb's first power
     4 | D        | Acquired Makhleb's second power
     5 | D        | Noticed a bag of meat
     8 | D        | Noticed a meat berserker
     8 | D        | Noticed a bag of meat
     9 | D        | Killed a meat berserker
     9 | D        | Reached skill level 12 in Fighting
     9 | D        | Reached skill level 19 in Dodging
     9 | D        | Reached skill level 20 in Stealth
     9 | D        | Reached XP level 2. HP: 13/26 MP: 4/4
     9 | D        | Reached XP level 3. HP: 15/30 MP: 6/6
     9 | D        | Reached XP level 4. HP: 17/35 MP: 8/8
     9 | D        | Reached XP level 5. HP: 18/39 MP: 10/10
     9 | D        | Reached XP level 6. HP: 20/44 MP: 12/12
     9 | D        | Reached XP level 7. HP: 22/49 MP: 14/14
     9 | D        | Reached XP level 8. HP: 23/53 MP: 16/16
     9 | D        | Reached XP level 9. HP: 24/57 MP: 18/18
     9 | D        | Reached XP level 10. HP: 26/62 MP: 19/19
     9 | D        | Reached XP level 11. HP: 27/66 MP: 20/20
     9 | D        | Killed a bag of meat
     9 | D        | Reached skill level 21 in Dodging
     9 | D        | Reached skill level 22 in Stealth
     9 | D        | Reached XP level 12. HP: 28/74 MP: 21/21
    10 | D        | Noticed a meat berserker
    10 | D        | Noticed a bag of meat
    10 | D        | Noticed a bag of meat
    11 | D        | Noticed a bag of meat
    11 | D        | Noticed a bag of meat
    11 | D        | Noticed a bag of meat
    11 | D        | Noticed a meat berserker
    12 | D        | Noticed a bag of meat
    13 | D        | Noticed a bag of meat
    13 | D        | Noticed a bag of meat
    13 | D        | Noticed a bag of meat
    13 | D        | Killed a bag of meat
    13 | D        | Acquired Makhleb's third power
    13 | D        | Reached skill level 15 in Fighting
    13 | D        | Reached skill level 1 in Axes
    13 | D        | Reached skill level 23 in Stealth
    13 | D        | Reached XP level 13. HP: 68/80 MP: 22/22
    14 | D        | Noticed a bag of meat
    14 | D        | Noticed a meat berserker
    14 | D        | Killed a meat berserker
    14 | D        | Reached skill level 24 in Dodging
    15 | D        | Noticed a bag of meat
    15 | D        | Noticed a meat berserker
    15 | D        | Noticed a meat berserker
    15 | D        | Killed a meat berserker
    15 | D        | Acquired Makhleb's fourth power
    15 | D        | Reached skill level 25 in Dodging
    15 | D        | Reached XP level 14. HP: 85/88 MP: 23/23
    16 | D        | Noticed a large bag of meat
    16 | D        | Noticed a bag of meat
    16 | D        | Killed a meat berserker
    16 | D        | Killed a bag of meat
    16 | D        | Reached skill level 26 in Dodging
    16 | D        | Reached XP level 15. HP: 92/95 MP: 24/24
    17 | D        | Killed a meat berserker
    17 | D        | Acquired Makhleb's fifth power
    17 | D        | Reached skill level 27 in Dodging
    17 | D        | Killed a bag of meat
    17 | D        | Reached skill level 5 in Axes
    17 | D        | Killed a bag of meat
    17 | D        | Killed a bag of meat
    17 | D        | Reached XP level 16. HP: 102/105 MP: 25/25
    17 | D        | Killed a bag of meat
    18 | D        | Noticed a bag of meat
    18 | D        | Noticed a bag of meat
    18 | D        | Killed a meat berserker
    18 | D        | Killed a bag of meat
    18 | D        | Reached skill level 27 in Unarmed Combat
    18 | D        | Killed a bag of meat
    18 | D        | Reached XP level 17. HP: 112/115 MP: 26/26
    18 | D        | Killed a bag of meat
    18 | D        | Killed a bag of meat
    19 | D        | Noticed a bag of meat
    19 | D        | Killed a bag of meat
    20 | D        | Noticed a bag of meat
    20 | D        | Killed a bag of meat
    20 | D        | Reached skill level 27 in Fighting
    21 | D        | Noticed a meat berserker
    21 | D        | Killed a large bag of meat
    21 | D        | Reached skill level 27 in Stealth
    21 | D        | Reached XP level 18. HP: 127/127 MP: 27/27
    22 | D        | Noticed a bag of meat
    22 | D        | Noticed a bag of meat
    22 | D        | Noticed a meat berserker
    22 | D        | Killed a bag of meat
    23 | D        | Noticed a meat berserker
    23 | D        | Noticed a bag of meat
    23 | D        | Noticed a meat berserker
    24 | D        | Noticed a bag of meat
    24 | D        | Killed a meat berserker
    25 | D        | Noticed a large bag of meat
    25 | D        | Noticed a bag of meat
    25 | D        | Killed a bag of meat
    25 | D        | Killed a bag of meat
    26 | D        | Noticed a bag of meat
    26 | D        | Noticed a bag of meat
    26 | D        | Noticed a bag of meat
    26 | D        | Noticed a bag of meat
    26 | D        | Noticed a large bag of meat
    26 | D        | Noticed a bag of meat
    28 | D        | Noticed a bag of meat
    28 | D        | Killed a bag of meat
    28 | D        | Reached skill level 27 in Axes
    28 | D        | Killed a bag of meat
    28 | D        | Reached skill level 5 in Armour
    28 | D        | Reached XP level 19. HP: 132/132 MP: 27/36
    29 | D        | Noticed an eight-headed meat hydra
    29 | D        | Killed a bag of meat
    29 | D        | Reached skill level 10 in Throwing
    29 | D        | Killed a bag of meat
    29 | D        | Killed a meat berserker
    29 | D        | Reached skill level 10 in Armour
    29 | D        | Reached skill level 15 in Spellcasting
    30 | D        | Killed a meat berserker
    30 | D        | Reached skill level 15 in Throwing
    30 | D        | Killed a bag of meat
    30 | D        | Reached skill level 15 in Invocations
    30 | D        | Killed a meat berserker
    30 | D        | Reached XP level 20. HP: 137/137 MP: 27/44
    31 | D        | Noticed a destroyer
    32 | D        | Noticed a meat berserker
    32 | D        | Killed a bag of meat
    32 | D        | Killed a bag of meat
    33 | D        | Killed a large bag of meat
    33 | D        | Reached skill level 15 in Armour
    33 | D        | Killed a bag of meat
    33 | D        | Killed a large bag of meat
    34 | D        | Noticed a sculptor of flesh
    34 | D        | Killed a bag of meat
    34 | D        | Killed a bag of meat
    36 | D        | Noticed a sculptor of flesh
    36 | D        | Noticed a bag of meat
    36 | D        | Killed a bag of meat
    37 | D        | Noticed a destroyer
    37 | D        | Noticed a bag of meat
    37 | D        | Killed a bag of meat
    38 | D        | Killed a meat berserker
    38 | D        | Reached XP level 21. HP: 142/142 MP: 29/47
    38 | D        | Killed a bag of meat
    39 | D        | Noticed a bag of meat
    39 | D        | Noticed a bag of meat
    39 | D        | Killed a destroyer
    40 | D        | Noticed a large bag of meat
    40 | D        | Noticed a destroyer
    41 | D        | Killed a destroyer
    41 | D        | Reached skill level 27 in Spellcasting
    42 | D        | Killed a nine-headed meat hydra
    43 | D        | Noticed a destroyer
    43 | D        | Noticed a destroyer
    43 | D        | Killed a destroyer
    44 | D        | Noticed an accursed
    44 | D        | Noticed a sculptor of flesh
    44 | D        | Noticed a large bag of meat
    44 | D        | Killed a bag of meat
    45 | D        | Killed a sculptor of flesh
    45 | D        | Reached skill level 27 in Throwing
    46 | D        | Noticed an accursed
    46 | D        | Killed a bag of meat
    46 | D        | Reached skill level 27 in Invocations
    46 | D        | Killed a sculptor of flesh
    48 | D        | Killed a large bag of meat
    48 | D        | Reached XP level 22. HP: 148/148 MP: 31/49
    48 | D        | Killed a bag of meat
    49 | D        | Noticed a tyrant
    49 | D        | Noticed a bag of meat
    49 | D        | Killed a bag of meat
    49 | D        | Reached skill level 27 in Armour
    50 | D        | Killed a destroyer
    51 | D        | Noticed a bag of meat
    51 | D        | Noticed a meat berserker
    52 | D        | Killed a sculptor of flesh
    53 | D        | Noticed a tyrant
    53 | D        | Killed a tyrant
    54 | D        | Noticed an accursed
    55 | D        | Noticed a bag of meat
    55 | D        | Noticed a bag of meat
    55 | D        | Killed an accursed
    56 | D        | Killed a large bag of meat
    57 | D        | Noticed a bag of meat
    57 | D        | Killed a tyrant
    57 | D        | Killed an accursed
    57 | D        | Reached XP level 23. HP: 130/153 MP: 33/49
    58 | D        | Noticed a meat berserker
    58 | D        | Noticed a bag of meat
    58 | D        | Killed a meat berserker
    59 | D        | Noticed a meat berserker
    59 | D        | Noticed a bag of meat
    59 | D        | Noticed a destroyer
    59 | D        | Noticed a meat berserker
    59 | D        | Killed a bag of meat
    60 | D        | Noticed a sculptor of flesh
    60 | D        | Killed a bag of meat
    61 | D        | Noticed a large bag of meat
    61 | D        | Killed a bag of meat
    62 | D        | Killed a destroyer
    63 | D        | Noticed a large bag of meat
    63 | D        | Killed a meat berserker
    64 | D        | Noticed a destroyer
    64 | D        | Killed a meat berserker
    64 | D        | Killed a bag of meat
    65 | D        | Noticed a bag of meat
    65 | D        | Killed a meat berserker
    65 | D        | Killed an accursed
    65 | D        | Reached XP level 24. HP: 158/158 MP: 35/50
    66 | D        | Noticed a large bag of meat
    67 | D        | Noticed a bag of meat
    67 | D        | Noticed a dread
    67 | D        | Killed a bag of meat
    67 | D        | Killed a destroyer
    67 | D        | Killed a bag of meat
    67 | D        | Killed a bag of meat
    68 | D        | Killed a destroyer
    69 | D        | Noticed a bag of meat
    69 | D        | Killed a large bag of meat
    70 | D        | Noticed an accursed
    70 | D        | Noticed a meat berserker
    70 | D        | Noticed a meat berserker
    70 | D        | Killed a large bag of meat
    70 | D        | Killed a sculptor of flesh
    71 | D        | Noticed a meat beast
    71 | D        | Killed a bag of meat
    72 | D        | Noticed a bag of meat
    73 | D        | Killed a bag of meat
    74 | D        | Noticed a bag of meat
    74 | D        | Noticed a bag of meat
    74 | D        | Noticed a bag of meat
    74 | D        | Killed a meat berserker
    74 | D        | Reached XP level 25. HP: 67/163 MP: 37/50
    74 | D        | Killed a meat berserker
    74 | D        | Killed a bag of meat
    75 | D        | Killed a meat beast
    76 | D        | Noticed an accursed
    76 | D        | Mangled by a bag of meat

Action                   |  1- 3 |  4- 6 |  7- 9 | 10-12 | 13-15 | 16-18 | 19-21 | 22-24 | 25-27 || total
-------------------------+-------+-------+-------+-------+-------+-------+-------+-------+-------++-------
Melee: Broad axe         |     1 |       |       |     1 |     4 |     8 |    18 |    22 |     1 ||    55
